Arrhythmia, chaotic female vampiric Convict ----------- |...*.....| #....<.....| -------------# # # |.........| |`.......%.`-#[%#############..........| |.....`.....|[ # #----------- |.. --.--...|% | |...|# # |`..|##### |...| ### ------ -...|##### ......| ....|# # ...`|# ------# #r######### ############ Arrhythmia the Jail-bird Experience level: 9 Strength: 16 Dexterity: 11 Constitution: 20 Intelligence: 10 Wisdom: 8 Charisma: 10 Health: 10(10) Energy: 58(58) AC: 6 Gold: 908 Moves: 5403 Your Inventory: Coins $ - 908 gold pieces Scrolls J - a [cursed] scroll labeled VENZAR BORGAVVE [of remove curse] P - an [uncursed] scroll labeled PRIRUTSENIE [of magic mapping] R - an [uncursed] scroll labeled ELBIB YLOH [of confuse monster] T - an [uncursed] scroll labeled JUYED AWK YACC [of enchant weapon] Potions B - 2 uncursed clear potions [of water] K - an [uncursed] emerald potion [of sickness] N - an [uncursed] black potion [of restore ability] Q - an [uncursed] magenta potion [of gain ability] Wands m - an uncursed wand of striking [0:2] w - an uncursed wand of striking [0:7] O - an [uncursed] wand of undead turning [0:6] U - an [uncursed] steel wand [of speed monster (0:4)] Tools o - an uncursed looking glass [mirror] p - an uncursed blindfold v - an [uncursed] skeleton key I - an [uncursed wax] candle M - an [uncursed] looking glass [mirror] Spells known in the end: Name Level Category Fail Memory Your skills at the end: Fighting Skills Weapon Skills sling [Basic / Skilled] Spellcasting Skills Final Attributes: You were piously aligned. Hunger level was 175. Your alignment was 36 / 37. Monster difficulty range was 1 - 8. Level difficulty was 7. You were immune to poison. You were immune to level-drain. You were immune to sickness. You regenerated. You were a wererat. You were in beast form (838). Your luck was zero. You survived. Vanquished creatures: a black pudding an elf mummy a leprechaun a dwarf mummy 2 brown puddings 2 yetis a lizard a housecat a jaguar a dwarf lord a dust vortex a raven a plains centaur a snake a rope golem 2 soldier ants a bugbear a wood nymph a mountain nymph 4 Mordor orcs 3 Uruk-hai 4 enormous rats 8 gnome lords 2 gnomish wizards a kobold mummy a guardian naga hatchling a gray ooze a baby crocodile a giant ant a kitten 9 dwarves 2 giant bats a monkey 2 wererats a werejackal 3 iguanas an acid blob 2 hobbits a large kobold a giant rat a green mold 36 gnomes 4 geckos 2 jackals 2 foxes a kobold 2 goblins 4 grid bugs 4 bats 3 lichens a kobold zombie 4 newts 136 creatures vanquished. Voluntary challenges: You went without food. You never hit with a wielded weapon. You read items or engraved 2 times. You put on armor 25 times. You never genocided any monsters. You never polymorphed an object. You changed form 1 time. You used no wishes. You abstained from Elbereth's help. You never encountered a bones level. You never used any Sokoban shortcuts. Dungeon overview: The Dungeons of Doom: levels 1 to 7 Level 1 a long staircase Level 3 (Succ and ninfa) some fountains stairs to The Gnomish Mines Level 4 some fountains, a sink Level 5 a fountain Level 6 some fountains, a sink Level 7 <- You were here The Gnomish Mines: levels 4 to 7 Level 4 stairs to The Dungeons of Doom Level 7 a delicatessen, a temple, a magic chest, a fountain History has recorded: On T:1 you entered the Dungeons of Doom to retrieve the Amulet of Yendor! On T:344 you reached level 2 of The Dungeons of Doom. On T:628 you advanced to experience level 2. On T:836 you advanced to experience level 3. On T:877 you reached level 3 of The Dungeons of Doom. On T:974 you reached level 1 of The Gnomish Mines. On T:976 you advanced to experience level 4. On T:1017 you advanced to experience level 5. On T:1257 you reached level 2 of The Gnomish Mines. On T:1261 you advanced to experience level 6. On T:1551 you advanced to experience level 7. On T:1633 you reached level 3 of The Gnomish Mines. On T:1653 you reached level 4 of The Gnomish Mines. On T:2082 you advanced to experience level 8. On T:3143 you reached level 4 of The Dungeons of Doom. On T:3751 you reached level 5 of The Dungeons of Doom. On T:4525 you reached level 6 of The Dungeons of Doom. On T:5309 you reached level 7 of The Dungeons of Doom. On T:5336 you advanced to experience level 9. Latest messages: You hit the Mordor orc. You miss the Mordor orc. The Mordor orc thrusts his knife. The Mordor orc misses. You hit the Mordor orc. You bite the Mordor orc. You kill the Mordor orc! There are several objects here. The Mordor orc blocks your way. You hit the Mordor orc. You bite the Mordor orc. The Mordor orc hits! You hit the Mordor orc. You kill the Mordor orc! You see here a Mordor orc corpse. You turn into a wererat! Your armor falls around you! You can't even move a handspan with this load! Your helmet falls to the ground! Your boots slide off your feet! Use the command #monster to summon help. [HP-93=10] Final status: Goodbye Arrhythmia the Convict... You quit in The Dungeons of Doom on dungeon level 7 with 3870 points, and 908 pieces of gold, after 5403 moves. You were level 9 with a maximum of 103 hit points when you quit.